[ AOE2 MATCH · #506232274 ]
UnrankedTeutons vs Turks
Player's team · WIN
Rival team · LOSS
[ REPLAY ANALYSIS · EXTRACTED FROM THE RECORDED GAME ]
Feudal
8:54
Castle
21:03
Imperial
41:02
| APM avg | 61.8 |
| APM peak | 88 |
| eAPM avg | 36.9 |
| Villagers / military | 153 / 161 |
Focus
⚔️ 23.9% · 🌾 76.1%
Knight ×128 · Battering Ram ×16 · Monk ×8 · Scout Cavalry ×5 · Mangonel ×2 · Trebuchet (Packed) ×2
Feudal
12:10
Castle
16:19
Imperial
33:23
| APM avg | 31.4 |
| APM peak | 64 |
| eAPM avg | 18.6 |
| Villagers / military | 138 / 150 |
Focus
⚔️ 28.5% · 🌾 71.5%
Camel Scout ×98 · Janissary ×37 · Bombard Cannon ×7 · Mangonel ×4 · Monk ×2 · Petard ×2
Match map
Initial resources + every placement click. Lines = walls · curves = elevation contours. ◆ gold · ⬟ stone · ● berries · ✦ relic · ◌ wall gap
Your base· ✓ Closed at 21:03 · 0t walls · 3 gate(s)
ITA | Dante's base· ✓ Closed at 16:19 · 88t walls · 2 gate(s)
Smoothed initial terrain · ◌ = detected wall gap · hover for details
Inputs per minute
— Tattletale Strangler - - ITA | Dante
Build order — Tattletale Strangler
First 150 of 419 actions detected
| 0:00 | Queue | Villager (Male) |
| 0:01 | Queue | Villager (Male) |
| 0:03 | Build | House |
| 0:03 | Queue | Villager (Male) |
| 0:05 | Build | House |
| 0:05 | Queue | Villager (Male) |
| 1:38 | Queue | Villager (Male) |
| 1:53 | Queue | Villager (Male) |
| 2:10 | Build | Lumber Camp |
| 2:27 | Queue | Villager (Male) |
| 2:28 | Queue | Villager (Male) |
| 3:12 | Queue | Villager (Male) |
| 3:13 | Queue | Villager (Male) |
| 3:39 | Queue | Villager (Male) |
| 3:48 | Build | House |
| 4:29 | Queue | Villager (Male) |
| 4:30 | Queue | Villager (Male) |
| 4:31 | Queue | Villager (Male) |
| 4:34 | Queue | Villager (Male) |
| 4:35 | Queue | Villager (Male) |
| 4:43 | Build | Mill |
| 4:52 | Queue | Villager (Male) |
| 5:02 | Queue | Villager (Male) |
| 5:02 | Queue | Villager (Male) |
| 6:39 | Queue | Villager (Male) |
| 6:39 | Queue | Villager (Male) |
| 6:40 | Queue | Villager (Male) |
| 6:42 | Research | Loom |
| 6:44 | Research | Feudal Age |
| 6:44 | Research | Feudal Age |
| 6:45 | Queue | Villager (Male) |
| 7:01 | Build | House |
| 7:17 | Build | Mining Camp |
| 8:20 | Queue | Villager (Male) |
| 8:47 | Queue | Villager (Male) |
| 8:54 | Age | Feudal Age |
| 8:56 | Queue | Villager (Male) |
| 9:00 | Build | Blacksmith |
| 9:18 | Research | Loom |
| 9:19 | Queue | Villager (Male) |
| 9:26 | Queue | Villager (Male) |
| 9:30 | Research | Double-Bit Axe |
| 9:51 | Queue | Villager (Male) |
| 10:01 | Build | Watch Tower |
| 10:17 | Queue | Villager (Male) |
| 10:32 | Queue | Villager (Male) |
| 11:03 | Queue | Villager (Male) |
| 11:11 | Build | House |
| 11:12 | Build | House |
| 11:26 | Research | Fletching |
| 11:27 | Queue | Villager (Male) |
| 11:44 | Build | Farm |
| 11:46 | Build | Farm |
| 11:47 | Queue | Villager (Male) |
| 12:00 | Build | Watch Tower |
| 12:47 | Queue | Villager (Male) |
| 12:49 | Queue | Villager (Male) |
| 13:09 | Queue | Villager (Male) |
| 13:35 | Queue | Villager (Male) |
| 13:41 | Build | Farm |
| 13:45 | Build | Market |
| 13:47 | Queue | Villager (Male) |
| 14:15 | Queue | Villager (Male) |
| 14:35 | Queue | Villager (Male) |
| 14:39 | Build | House |
| 14:49 | Queue | Villager (Male) |
| 14:58 | Build | Farm |
| 15:01 | Build | Farm |
| 15:04 | Build | Farm |
| 15:06 | Build | Farm |
| 15:09 | Build | Farm |
| 15:23 | Research | Horse Collar |
| 15:43 | Queue | Villager (Male) |
| 15:54 | Queue | Villager (Male) |
| 15:54 | Queue | Villager (Male) |
| 16:22 | Queue | Villager (Male) |
| 16:22 | Queue | Villager (Male) |
| 16:34 | Build | Watch Tower |
| 16:59 | Queue | Villager (Male) |
| 17:02 | Queue | Villager (Male) |
| 17:16 | Queue | Villager (Male) |
| 17:22 | Queue | Villager (Male) |
| 17:43 | Queue | Villager (Male) |
| 17:44 | Queue | Villager (Male) |
| 18:00 | Build | Farm |
| 18:00 | Build | Farm |
| 18:00 | Build | Farm |
| 18:01 | Build | Farm |
| 18:21 | Build | House |
| 18:22 | Build | House |
| 18:23 | Research | Castle Age |
| 19:19 | Build | Mining Camp |
| 19:24 | Queue | Villager (Male) |
| 19:44 | Queue | Villager (Male) |
| 20:46 | Queue | Villager (Male) |
| 21:03 | Queue | Villager (Male) |
| 21:03 | Age | Castle Age |
| 21:05 | Queue | Villager (Male) |
| 21:09 | Build | Town Center |
| 21:12 | Queue | Villager (Male) |
| 21:30 | Queue | Villager (Male) |
| 21:30 | Queue | Villager (Male) |
| 21:36 | Build | Farm |
| 22:07 | Build | Siege Workshop |
| 22:13 | Queue | Villager (Male) |
| 22:13 | Queue | Villager (Male) |
| 22:14 | Queue | Villager (Male) |
| 22:21 | Queue | Villager (Male) |
| 22:22 | Build | Farm |
| 22:33 | Build | Farm |
| 22:35 | Queue | Villager (Male) |
| 22:35 | Queue | Villager (Male) |
| 22:56 | Queue | Villager (Male) |
| 22:56 | Queue | Villager (Male) |
| 23:00 | Queue | Mangonel |
| 23:10 | Build | Farm |
| 23:12 | Queue | Villager (Male) |
| 23:19 | Queue | Villager (Male) |
| 23:21 | Queue | Villager (Male) |
| 23:24 | Build | Farm |
| 23:25 | Queue | Villager (Male) |
| 23:30 | Research | Gold Mining |
| 23:43 | Queue | Villager (Male) |
| 23:51 | Queue | Villager (Male) |
| 23:52 | Queue | Villager (Male) |
| 24:02 | Queue | Villager (Male) |
| 24:14 | Research | Bow Saw |
| 24:23 | Queue | Mangonel |
| 24:28 | Build | House |
| 24:29 | Build | House |
| 24:30 | Build | House |
| 24:34 | Research | Wheelbarrow |
| 24:40 | Queue | Villager (Male) |
| 24:40 | Queue | Villager (Male) |
| 24:43 | Queue | Villager (Male) |
| 24:56 | Build | Barracks |
| 25:00 | Queue | Villager (Male) |
| 25:10 | Build | Farm |
| 25:10 | Build | Farm |
| 25:10 | Build | Farm |
| 25:27 | Build | Farm |
| 25:30 | Build | Farm |
| 25:31 | Build | Farm |
| 25:34 | Build | Stable |
| 25:46 | Build | Outpost |
| 25:47 | Build | Outpost |
| 25:49 | Build | Outpost |
| 25:53 | Build | Farm |
| 25:53 | Queue | Villager (Male) |
| 26:17 | Build | Town Center |
Build order — ITA | Dante
First 150 of 392 actions detected
| 0:00 | Queue | Villager (Male) |
| 0:01 | Queue | Villager (Male) |
| 0:01 | Queue | Villager (Male) |
| 0:01 | Queue | Villager (Male) |
| 0:02 | Queue | Villager (Male) |
| 0:02 | Queue | Villager (Male) |
| 0:03 | Build | House |
| 0:05 | Build | House |
| 1:25 | Queue | Villager (Male) |
| 1:51 | Build | Lumber Camp |
| 2:05 | Queue | Villager (Male) |
| 2:19 | Queue | Villager (Male) |
| 2:19 | Queue | Villager (Male) |
| 2:54 | Queue | Villager (Male) |
| 3:13 | Queue | Villager (Male) |
| 3:13 | Queue | Villager (Male) |
| 3:24 | Build | House |
| 3:26 | Build | House |
| 3:28 | Build | House |
| 3:38 | Build | Palisade Wall |
| 3:51 | Queue | Villager (Male) |
| 4:33 | Queue | Villager (Male) |
| 4:58 | Queue | Villager (Male) |
| 4:59 | Queue | Villager (Male) |
| 5:16 | Build | Mill |
| 5:35 | Build | Palisade Wall |
| 5:38 | Queue | Villager (Male) |
| 5:39 | Queue | Villager (Male) |
| 6:04 | Queue | Villager (Male) |
| 6:28 | Queue | Villager (Male) |
| 6:44 | Build | Palisade Wall |
| 6:58 | Queue | Villager (Male) |
| 7:22 | Build | Palisade Wall |
| 7:34 | Build | Farm |
| 7:38 | Queue | Villager (Male) |
| 7:40 | Build | Farm |
| 7:52 | Queue | Villager (Male) |
| 8:01 | Build | Farm |
| 8:23 | Queue | Villager (Male) |
| 8:29 | Build | Farm |
| 8:38 | Queue | Villager (Male) |
| 8:38 | Queue | Villager (Male) |
| 8:59 | Build | Mining Camp |
| 9:19 | Research | Feudal Age |
| 10:13 | Build | Palisade Wall |
| 10:20 | Build | Palisade Wall |
| 10:32 | Build | House |
| 10:38 | Build | Palisade Wall |
| 11:29 | Build | Palisade Wall |
| 11:34 | Build | Palisade Wall |
| 11:44 | Build | Palisade Wall |
| 11:47 | Build | Palisade Wall |
| 11:55 | Queue | Villager (Male) |
| 12:10 | Age | Feudal Age |
| 12:15 | Build | Market |
| 12:21 | Build | Blacksmith |
| 12:45 | Build | Market |
| 12:49 | Build | Mining Camp |
| 13:14 | Queue | Villager (Male) |
| 13:24 | Research | Castle Age |
| 13:30 | Build | Watch Tower |
| 13:52 | Research | Double-Bit Axe |
| 14:23 | Build | Watch Tower |
| 14:37 | Build | House |
| 14:45 | Research | Horse Collar |
| 15:13 | Queue | Villager (Male) |
| 15:16 | Research | Loom |
| 16:19 | Age | Castle Age |
| 16:28 | Build | Siege Workshop |
| 16:34 | Queue | Villager (Male) |
| 16:42 | Build | Monastery |
| 16:52 | Queue | Villager (Male) |
| 17:11 | Queue | Villager (Male) |
| 17:21 | Queue | Mangonel |
| 17:51 | Queue | Villager (Male) |
| 17:55 | Queue | Mangonel |
| 17:59 | Build | Farm |
| 18:03 | Queue | Villager (Male) |
| 18:07 | Build | Farm |
| 18:21 | Queue | Monk |
| 18:21 | Queue | Monk |
| 18:28 | Queue | Villager (Male) |
| 18:35 | Queue | Mangonel |
| 18:44 | Queue | Villager (Male) |
| 19:22 | Build | Farm |
| 19:23 | Queue | Villager (Male) |
| 19:34 | Queue | Mangonel |
| 19:43 | Queue | Villager (Male) |
| 19:54 | Build | Farm |
| 20:32 | Queue | Villager (Male) |
| 20:33 | Queue | Villager (Male) |
| 20:53 | Build | House |
| 20:55 | Build | House |
| 21:05 | Queue | Villager (Male) |
| 21:11 | Queue | Villager (Male) |
| 21:20 | Build | Stone Wall |
| 21:22 | Queue | Villager (Male) |
| 21:24 | Build | Farm |
| 21:34 | Build | House |
| 21:35 | Queue | Villager (Male) |
| 21:38 | Build | Farm |
| 21:41 | Build | Farm |
| 21:59 | Queue | Villager (Male) |
| 22:14 | Research | Bow Saw |
| 22:31 | Build | House |
| 22:45 | Build | House |
| 22:46 | Build | House |
| 23:09 | Build | Lumber Camp |
| 23:22 | Queue | Villager (Male) |
| 23:28 | Research | Wheelbarrow |
| 23:28 | Research | Wheelbarrow |
| 23:57 | Build | House |
| 24:08 | Build | House |
| 24:09 | Queue | Villager (Male) |
| 24:21 | Research | Gold Mining |
| 24:24 | Research | Stone Mining |
| 24:29 | Build | Lumber Camp |
| 24:41 | Build | Farm |
| 24:49 | Build | House |
| 24:52 | Queue | Villager (Male) |
| 25:02 | Build | Farm |
| 25:16 | Queue | Villager (Male) |
| 25:33 | Build | House |
| 25:35 | Build | House |
| 25:41 | Build | Castle |
| 25:45 | Queue | Villager (Male) |
| 25:50 | Build | Farm |
| 25:53 | Build | Farm |
| 26:08 | Build | Farm |
| 26:18 | Build | Farm |
| 26:22 | Build | Farm |
| 26:23 | Queue | Villager (Male) |
| 26:25 | Build | Farm |
| 26:33 | Queue | Villager (Male) |
| 26:51 | Build | House |
| 26:56 | Queue | Villager (Male) |
| 27:05 | Build | Farm |
| 27:12 | Build | House |
| 27:13 | Build | House |
| 27:15 | Queue | Janissary |
| 27:15 | Queue | Janissary |
| 27:15 | Queue | Janissary |
| 27:16 | Queue | Janissary |
| 27:16 | Queue | Janissary |
| 27:19 | Queue | Villager (Male) |
| 27:35 | Research | Padded Archer Armor |
| 27:38 | Queue | Villager (Male) |
| 27:52 | Queue | Villager (Male) |
| 28:09 | Queue | Villager (Male) |
| 28:17 | Build | Farm |
Match timeline
| 3:38 | ITA | Dante · wall_segment Palisade Wall x14 |
| 5:35 | ITA | Dante · wall_segment Palisade Wall x13 |
| 6:44 | ITA | Dante · wall_segment Palisade Wall x9 |
| 7:22 | ITA | Dante · wall_segment Palisade Wall x20 |
| 8:54 | Tattletale Strangler · age_up feudal |
| 10:13 | ITA | Dante · wall_segment Palisade Wall x9 |
| 10:20 | ITA | Dante · wall_segment Palisade Wall x6 |
| 10:38 | ITA | Dante · wall_segment Palisade Wall x4 |
| 11:29 | ITA | Dante · wall_segment Palisade Wall x6 |
| 11:34 | ITA | Dante · wall_segment Palisade Wall x8 |
| 11:44 | ITA | Dante · wall_segment Palisade Wall x4 |
| 11:47 | ITA | Dante · wall_segment Palisade Wall x1 |
| 12:10 | ITA | Dante · age_up feudal |
| 16:19 | ITA | Dante · age_up castle |
| 16:20 | ITA | Dante · first_market_buy 100 stone |
| 16:28 | ITA | Dante · first_building Siege Workshop |
| 16:42 | ITA | Dante · first_building Monastery |
| 17:26 | Tattletale Strangler · first_market_sell 100 wood |
| 18:13 | Tattletale Strangler · first_market_buy 100 food |
| 21:03 | Tattletale Strangler · age_up castle |
| 21:20 | ITA | Dante · wall_segment Stone Wall x1 |
| 22:07 | Tattletale Strangler · first_building Siege Workshop |
| 24:56 | Tattletale Strangler · first_building Barracks |
| 25:34 | Tattletale Strangler · first_building Stable |
| 25:41 | ITA | Dante · first_building Castle |
| 29:08 | Tattletale Strangler · first_building Monastery |
| 32:42 | ITA | Dante · wall_segment Stone Wall x1 |
| 32:44 | ITA | Dante · wall_segment Stone Wall x1 |
| 32:49 | ITA | Dante · wall_segment Stone Wall x1 |
| 33:23 | ITA | Dante · age_up imperial |
| 35:40 | ITA | Dante · first_market_sell 500 stone |
| 38:41 | Tattletale Strangler · first_building Castle |
| 39:40 | ITA | Dante · wall_segment Stone Wall x4 |
| 40:25 | ITA | Dante · wall_segment Stone Wall x9 |
| 40:48 | ITA | Dante · wall_segment Stone Wall x1 |
| 40:57 | ITA | Dante · first_building Barracks |
| 41:02 | Tattletale Strangler · age_up imperial |
| 41:45 | ITA | Dante · first_building Stable |
| 42:23 | ITA | Dante · wall_segment Stone Wall x1 |
| 42:27 | ITA | Dante · wall_segment Stone Wall x6 |
| 45:46 | ITA | Dante · wall_segment Stone Wall x4 |
| 45:49 | ITA | Dante · wall_segment Stone Wall x6 |
| 46:50 | ITA | Dante · wall_segment Stone Wall x7 |
| 47:29 | ITA | Dante · wall_segment Stone Wall x5 |
| 47:37 | ITA | Dante · wall_segment Stone Wall x5 |
| 49:27 | ITA | Dante · resign |
[ AI ANALYSIS · 1 CREDIT ]
What really happened in this match?
Wolo.gg analyzes every decision: build order, eco, micro, common mistakes by bracket. Personalized analysis on WhatsApp or Discord in 30 seconds.
Civ guide
Teutons
Perfil
Jugador #18150111